 Dungeon Crawl Stone Soup version 0.29.1-2-gbd0b4ee654 (webtiles) character file.

Game seed: 1188096460646663255

23 zeram the Caller (level 2, -2/15 HPs)
             Began as a Deep Elf Summoner on Nov 27, 2022.
             Shot with a sling bullet by a hobgoblin (8 damage)
             ... on level 1 of the Dungeon.
             The game lasted 00:03:18 (2184 turns).

zeram the Caller (Deep Elf Summoner)                Turns: 2184, Time: 00:03:18

Health: -2/15      AC:  3    Str:  5    XL:     2   Next: 72%
Magic:  3/8        EV: 13    Int: 19    God:
Gold:   14         SH:  0    Dex: 15    Spells: 4/7 levels left

rFire   . . .      SeeInvis .   f - +0 dagger
rCold   . . .      Faith    .   (no shield)
rNeg    . . .      Spirit   .   a - +1 robe
rPois   .          Reflect  .   (no helmet)
rElec   .          Harm     .   (no cloak)
rCorr   .          Rampage  .   (no gloves)
Will    .....                   (no boots)
Stlth   ++........              (no amulet)
HPRegen 0.05/turn               (no ring)
MPRegen 0.11/turn               (no ring)

@: no status effects
A: no striking features
a: no special abilities


You were on level 1 of the Dungeon.
You visited 1 branch of the dungeon, and saw 1 of its levels.

You collected 14 gold pieces.

Inventory:

Hand Weapons
 e - a +0 club
 f - a +0 dagger (weapon)
Armour
 a - a +1 robe (worn)
Potions
 b - a potion of magic
 c - 2 potions of curing
 d - a potion of resistance


   Skills:
 + Level 2.8 Dodging
 - Level 2.4 Stealth
 + Level 3.3 Spellcasting
 + Level 5.0 Summonings


You had 4 spell levels left.
You knew the following spells:

 Your Spells              Type           Power      Damage    Failure   Level
a - Summon Small Mammal   Summ           88%        N/A       1%          1
b - Call Imp              Summ           22%        N/A       2%          2

Your spell library contained the following spells:

 Spells                   Type           Power      Damage    Failure   Level
 Call Canine Familiar     Summ           22%        N/A       5%          3
 Summon Guardian Golem    Hex/Summ       12%        N/A       16%         3
 Summon Lightning Spire   Summ/Air       12%        N/A       45%         4
 Hailstorm                Conj/Ice       3%         3d3       83%         4
 Ice Form                 Ice/Tmut       3%         N/A       83%         4
 Simulacrum               Ice/Necr       1%         N/A       100%        6


Dungeon Overview and Level Annotations

Branches:
Dungeon (1/15)

Altars:


Message History

The jackal closely misses you.
Your white imp closely misses the jackal.
You closely miss the jackal.
The jackal is heavily wounded.
The jackal closely misses you.
Your white imp barely misses the jackal.
You hit the jackal.
The jackal is severely wounded.
The jackal bites you but does no damage.
Your white imp barely misses the jackal.
You barely miss the jackal.
The jackal is severely wounded.
The jackal bites you. The jackal misses you.
Your white imp hits the jackal.
The jackal dies!
You see here a jackal corpse.
You start resting.
Magic restored.
Your white imp disappears in a puff of smoke!
HP restored.
Found a ring mail.
Found a stone staircase leading down.
A hobgoblin is nearby!
A hobgoblin is nearby!
A hobgoblin is nearby!
A hobgoblin is nearby!
The hobgoblin shouts!
Casting: Call Imp (safe; 2% risk of failure)
Confirm with . or Enter, or press ? or * to list all spells.
A beastly little devil appears in a puff of flame.
Found a ring mail.
The hobgoblin shoots a sling bullet.
The sling bullet hits you.
Casting: Call Imp (safe; 2% risk of failure)
Confirm with . or Enter, or press ? or * to list all spells.
A beastly little devil appears in a puff of flame.
Your crimson imp disappears in a puff of smoke!
The hobgoblin shoots a sling bullet.
The sling bullet hits you.
Casting: Call Imp (safe; 2% risk of failure)
Confirm with . or Enter, or press ? or * to list all spells.
The hobgoblin shoots a sling bullet.
The sling bullet hits you!
Ouch! That really hurt!
You die...

#....#.# ##+## #... #.##.#.#
.. . ##.# #......# .# [# #.#
####.### .##.## #.#
####.##### .....#. #.#
#[.....>.###.............g.#
#.##.###.##..g.....#########
# #.....ยง.........
#####.##@r......
#.###5...... ..# #...###
#### ####


You could see a hobgoblin (ally target), a friendly crimson imp (summoned) and a
friendly quokka (summoned).

Vanquished Creatures
  2 ball pythons (D:1)
  An endoplasm (D:1)
  A hobgoblin (D:1)
  A quokka (D:1)
  A kobold (D:1)
  3 rats (D:1)
9 creatures vanquished.

Vanquished Creatures (collateral kills)
  An endoplasm (D:1)
  3 hobgoblins (D:1)
  3 jackals (D:1)
  2 quokkas (D:1)
  A goblin (D:1)
  A kobold (D:1)
11 creatures vanquished.

Grand Total: 20 creatures vanquished

Notes
Turn   | Place    | Note
-------+----------+-------------------------------------------
     0 | D:1      | zeram the Deep Elf Summoner began the quest for the Orb.
     0 | D:1      | Reached XP level 1. HP: 10/10 MP: 6/6
  1178 | D:1      | Reached XP level 2. HP: 9/15 MP: 8/8
  1273 | D:1      | Found a faded altar of an unknown god.
  1880 | D:1      | Learned a level 2 spell: Call Imp
  2095 | D:1      | Reached skill level 5 in Summonings
  2184 | D:1      | Shot with a sling bullet by a hobgoblin

Illustrated notes

Levels and vault maps discovered:
D:1:      lightli_arrival_noodles, layout_loops_corners,
          nicolae_ecumenical_snake_handling, serial_park_tiny_2

Skill      XL: |  1  2 |
---------------+-------+-----
Summonings     | 5 |  5.0
Dodging        | |  2.8
Stealth        | |  2.4
Spellcasting   | |  3.3

Action                   || total
-------------------------++-------
Melee: Unarmed           ||    25
       Dagger            ||    51
       Club              ||     1
 Cast: Summon Small Mamm ||    17
       Call Imp          ||     3
  Use: Scroll            ||     3
       Potion            ||     1
 Stab: Sleeping          ||     2
Armor: Robe              ||    16
Dodge: Dodged            ||    56
